 Seeded DCSS version 0.31-a0-868-g674d60d6f7 (webtiles) character file.

Game seed: 8414251399014315852 (custom seed)

13029 GigaChad the Cleaver (level 12, -12/92 HPs) *EXPLORE*
             Began as a Formicid Fighter on Oct 11, 2023.
             Was an Initiate of Gozag.
             Shot with an arrow by Nessos (20 damage)
             ... on level 2 of the Orcish Mines.
             The game lasted 00:14:01 (9095 turns).

GigaChad the Cleaver (Formicid Fighter)             Turns: 9095, Time: 00:14:01

Health: -12/92     AC: 15    Str: 27    XL:     12   Next: 27%
Magic:  12/12      EV: 10    Int:  9    God:    Gozag
Gold:   2028       SH: 16    Dex: 13    Spells: 11/11 levels left

rFire   . . .        x - +8 battleaxe "Geonosofyxt" {flame, rElec Str+2 SInv}
rCold   . . .        c - +0 tower shield
rNeg    . . .        w - +0 plate armour
rPois   .            (helmet unavailable)
rElec   +            (no cloak)
rCorr   .            (no gloves)
SInv    +            l - +2 pair of slick slippers {slick, slippery, EV+4}
Will    +....        (no amulet) Stlth
                     (no ring)
HPRegen 0.35/turn    (no ring)
MPRegen 0.13/turn

%: no passive effects
@: lethally poisoned (-12 -> -36), studying Staves
A: permanent stasis, dig shafts and tunnels, antennae 3, four strong arms
a: Dig, Shaft Self, Renounce Religion, Potion Petition, Call Merchant, Bribe
Branch


You were on level 2 of the Orcish Mines.
You worshipped Gozag.
Gozag was most pleased with you.
You visited 2 branches of the dungeon, and saw 12 of its levels.

You collected 2395 gold pieces.
You spent 299 gold pieces at shops.
You paid 68 gold pieces to Gozag.

Inventory:

Hand Weapons
 a - a +1 war axe
 x - the +8 battleaxe "Geonosofyxt" (weapon) {flame, rElec Str+2 SInv}
   (You acquired it on level 5 of the Dungeon)

   Str+2:     It affects your strength (+2).
   rElec:     It insulates you from electricity.
   SInv:      It lets you see invisible.
 L - the +1 great sword of the Extremes {heavy, Str+3 Int+3}
   (You bought it in a shop on level 2 of the Orcish Mines)

   Str+3:     It affects your strength (+3).
   Int+3:     It affects your intelligence (+3).
Armour
 c - a +0 tower shield (worn)
 l - the +2 pair of slick slippers (worn) {slick, slippery, EV+4}
   (You acquired it on level 4 of the Dungeon)

   Slick:     Its wearer cannot be constricted, engulfed, netted or webbed.
   Slippery:  Its wearer slips away from damaging melee attacks, pulling the
   attacker onward.
   EV+4:      It affects your evasion (+4).
 w - a +0 plate armour (worn)
Jewellery
 k - a ring of willpower
 n - an amulet of reflection
 r - an amulet of faith
 s - a +5 ring of evasion
 E - a ring of flight
 G - a ring of wizardry
 K - a ring of ice
Talismans
 z - a serpent talisman
 C - a beast talisman
Wands
 I - a wand of flame (6)
Scrolls
 b - a scroll of fear
 d - 4 scrolls of identify
 e - 4 scrolls of teleportation
 i - 2 scrolls of amnesia
 t - 2 scrolls of noise {unknown}
 v - 2 scrolls of fog {unknown}
 y - 3 scrolls of poison {unknown}
 B - a scroll of immolation {unknown}
 D - a scroll of brand weapon {unknown}
 F - a scroll of blinking {unknown}
 H - a scroll of enchant weapon
 J - a scroll of revelation {unknown}
Potions
 f - a potion of experience {unknown}
 g - 2 potions of berserk rage {unknown}
 h - 2 potions of lignification {unknown}
 j - 5 potions of curing {unknown}
 m - a potion of brilliance {unknown}
 o - a potion of ambrosia {unknown}
 p - 3 potions of heal wounds {unknown}
 q - 2 potions of enlightenment {unknown}
 u - a potion of haste {unknown}
 A - a potion of cancellation {unknown}


   Skills:
 * Level 8.1 Fighting
 * Level 13.0 Axes
 * Level 8.7 Armour
 * Level 11.1 Shields
 * Level 5.5 Shapeshifting


You had 11 spell levels left.
You didn't know any spells.
Your spell library contained the following spells:

 Spells                   Type           Power      Damage    Failure   Level
 Magic Dart               Conj           0%         1d3       100%        1
 Shock                    Conj/Air       0%         1d3       100%        1
 Call Imp                 Summ           0%         N/A       100%        2
 Mephitic Cloud           Conj/Pois/Air  0%         N/A       100%        3
 Stone Arrow              Conj/Erth      0%         3d7       100%        3
 Summon Guardian Golem    Hex/Summ       0%         N/A       100%        3
 Volatile Blastmotes      Fire/Tloc      0%         2d10      100%        3
 Airstrike                Air            0%         2d(0-16)  100%        4
 Animate Armour           Summ/Erth      0%         N/A       100%        4
 Fulminant Prism          Conj/Hex       0%         3d5       100%        4
 Iskenderun's Mystic Bla  Conj/Tloc      0%         2d3       100%        4
 Olgreb's Toxic Radiance  Pois           0%         N/A       100%        4
 Orb of Destruction       Conj           0%         9d5       100%        7
 Spellforged Servitor     Conj/Summ      0%         N/A       100%        7
 Discord                  Hex            0%         N/A       100%        8
 Ignition                 Fire           0%         3d3       100%        8
 Lehudib's Crystal Spear  Conj/Erth      0%         10d2      100%        8
 Swiftness                Air            Unusable   N/A       N/A         3

Dungeon Overview and Level Annotations

Branches:
Dungeon (10/15)            Temple (0/1) D:4             Orc (2/2) D:10
   Lair: D:8-11         Elf: Orc:2

Altars:
Ashenzari
Elyvilon
Gozag
Kikubaaqudgha
Makhleb
Nemelex Xobeh
Okawaru
Qazlal
Ru
Sif Muna
Vehumet
Xom
Zin

Shops:
D:2 *   Orc:2 (

Annotations:
D:8 1 runed translucent door, pigah's ghost, novice OpSh
Orc:2 Nessos


Innate Abilities, Weirdness & Mutations

You cannot be hasted, slowed, berserked, paralysed or teleported.
You can dig through walls and to a lower floor.
You have a pair of large antennae on your head. (SInv)
Your four strong arms can wield two-handed weapons with a shield.


Message History

Nessos shoots an arrow.
The arrow hits you!
* * * LOW HITPOINT WARNING * * *
The arrow burns you.
You are more poisoned.
Thought so.
Nessos zaps a wand.
You resist with almost no effort.
You feel extremely sick.
Nessos is no longer moving quickly.
Nessos casts a spell.
Nessos blinks!
Nessos casts a spell.
Nessos seems to speed up.
Unknown command.
You feel extremely sick.
Nessos shoots an arrow.
The arrow closely misses you.
Nessos shoots an arrow.
You block the arrow.
Nessos gestures wildly while chanting.
Nessos blinks!
You feel extremely sick.
Nessos intently looks at you, slowly moving their tail.
Nessos shoots an arrow.
The arrow hits you! The arrow burns you.
You are lethally poisoned!
You feel extremely sick.
Nessos shoots an arrow.
The arrow hits you!
* * * LOW HITPOINT WARNING * * *
The arrow burns you.
* * * LOW HITPOINT WARNING * * *
Nessos mumbles some strange words.
Nessos blinks!
* * * LOW HITPOINT WARNING * * *
You feel extremely sick.
Nessos gestures wildly while chanting.
Nessos blinks!
Nessos zaps a wand.
You resist with almost no effort.
Nessos zaps a wand.
You resist with almost no effort.
Unknown command.
* * * LOW HITPOINT WARNING * * *
You feel extremely sick.
Nessos gestures wildly while chanting.
Nessos blinks!
Nessos shoots an arrow.
The arrow hits you!!
You die...
Your body crumbles into a pile of gold.

# ###........).#....^..........
##.#.##..).....#..........#.....
..........))..............##.#..
.<......)))...c§..............#.
..........................#....#
.........................#......
...........§............$.#.#.#.
.....#...#..........$........#..
....##.........@..$$........$...
.................§...$..#.......
.........#......................
................................
..................#............
.....................#.......#.
...............................
............<..#.......).#...#.
............###.)$......#...###


You could see Nessos (fast).

Vanquished Creatures
  Rupert (Orc:2)
  An orc warlord (Orc:1)
  Fannar (D:10)
  A two-headed ogre (D:9)
  2 orc knights (Orc:2)
  3 orc sorcerers
  A troll (Orc:1)
  A hornet (D:8)
  Prince Ribbit (D:5)
  A shadow (D:9)
  A vampire (D:10)
  5 yaks
  A wyvern (D:8)
  A fire elemental (Orc:2)
  A steam dragon (D:7)
  2 wargs
  A water moccasin (D:6)
  A hell hound (Orc:2)
  A black bear (D:7)
  21 orc warriors
  2 ice beasts
  5 centaurs
  A phantom (D:6)
  3 kobold brigands
  5 bullfrogs
  A gnoll sergeant (D:9)
  2 scorpions
  5 wights (D:7)
  A vampire bat (D:5)
  A howler monkey (D:5)
  6 hounds
  A jelly (D:6)
  8 orc priests
  A sleepcap (D:8)
  13 orc wizards
  7 gnolls
  6 adders
  A shadow imp (D:6)
  2 white imps
  3 ufetubi
  2 worms (D:2)
  4 dart slugs
  60 orcs
  6 bats
  2 bat skeletons (D:5)
  5 bat zombies (D:5)
  7 endoplasms
  2 giant cockroaches
  8 goblins
  8 hobgoblins
  2 quokkas
  3 ball pythons (D:1)
  2 frilled lizards
  19 kobolds
  3 rats
255 creatures vanquished.

Vanquished Creatures (others)
  An orc sorcerer (Orc:2)
  An orc wizard (D:10)
2 creatures vanquished.

Grand Total: 257 creatures vanquished

Notes
Turn   | Place    | Note
-------+----------+-------------------------------------------
     0 | D:1      | GigaChad the Formicid Fighter began the quest for the Orb.
     0 | D:1      | Reached XP level 1. HP: 18/18 MP: 1/1
    13 | D:1      | Entered explore mode.
   149 | D:1      | Reached XP level 2. HP: 23/24 MP: 2/2
   414 | D:1      | Reached XP level 3. HP: 23/29 MP: 3/3
   528 | D:1      | Found a faded altar of an unknown god.
  1097 | D:2      | Found a glowing silver altar of Zin.
  1176 | D:2      | Found Fafacvitz's Assorted Antiques.
  1195 | D:2      | Reached skill level 3 in Axes
  1195 | D:2      | Reached XP level 4. HP: 36/37 MP: 4/4
  1827 | D:3      | Found a white marble altar of Elyvilon.
  1827 | D:3      | Found a broken altar of Ashenzari.
  1858 | D:3      | Killed by divine providence
                  | ... invoked by an orc priest
                  | (11 damage)
  1860 | D:3      | Reached XP level 5. HP: 42/42 MP: 5/5
  1914 | D:3      | Found a large runed translucent door.
  1923 | D:3      | Found a large runed translucent door.
  1923 | D:3      | Found a shimmering altar of Xom.
  2325 | D:4      | Reached skill level 4 in Axes
  2352 | D:4      | Noticed an orc warrior
  2355 | D:4      | Noticed a yak
  2362 | D:4      | Killed an orc warrior
  2363 | D:4      | Reached skill level 5 in Shields
  2363 | D:4      | Reached XP level 6. HP: 23/48 MP: 6/6
  2369 | D:4      | Killed a yak
  2370 | D:4      | Reached skill level 5 in Axes
  2370 | D:4      | Reached XP level 7. HP: 6/54 MP: 7/7
  2643 | D:4      | Found an opulent altar of Gozag.
  2643 | D:4      | Found a glowing silver altar of Zin.
  2772 | D:4      | Found a staircase to the Ecumenical Temple.
  2828 | D:4      | Became a worshipper of Gozag Ym Sagoz the Greedy
  2865 | D:5      | Entered Level 5 of the Dungeon
  3070 | D:4      | Identified a scroll of acquirement
  3070 | D:4      | Acquired the +2 pair of slick slippers {slick, slippery,
                  | EV+4}
  3070 | D:4      | Found the +2 pair of slick slippers {slick, slippery, EV+4}
  3270 | D:5      | Reached skill level 5 in Armour
  3818 | D:5      | Noticed Prince Ribbit
  3825 | D:5      | Reached skill level 6 in Axes
  3825 | D:5      | Reached XP level 8. HP: 34/61 MP: 8/8
  3856 | D:5      | Killed Prince Ribbit
  4029 | D:5      | Acquired the +8 battleaxe "Geonosofyxt" {flame, rElec Str+2
                  | SInv}
  4209 | D:5      | Found an ancient bone altar of Kikubaaqudgha.
  4487 | D:6      | Reached skill level 5 in Fighting
  4649 | D:6      | Reached skill level 7 in Axes
  4667 | D:6      | Reached skill level 1 in Shapeshifting
  4742 | D:6      | Reached XP level 9. HP: 68/68 MP: 9/9
  4962 | D:6      | Found a sacrificial altar of Ru.
  4963 | D:6      | Found a stormy altar of Qazlal.
  4963 | D:6      | Found a shimmering altar of Xom.
  4964 | D:6      | Found an iron altar of Okawaru.
  4998 | D:6      | Found a shimmering blue altar of Sif Muna.
  5008 | D:6      | Reached skill level 8 in Axes
  5163 | D:7      | Noticed an unseen horror
  5380 | D:7      | Reached skill level 9 in Axes
  5836 | D:7      | Reached XP level 10. HP: 71/76 MP: 10/10
  6436 | D:8      | Reached skill level 10 in Axes
  6595 | D:8      | Found a runed translucent door.
  6595 | D:8      | Noticed pigah's ghost (novice OpSh)
  6884 | D:9      | Found a sparkling altar of Nemelex Xobeh.
  6884 | D:9      | Found a radiant altar of Vehumet.
  6925 | D:9      | Noticed a two-headed ogre
  6954 | D:9      | Killed a two-headed ogre
  7567 | D:9      | Identified the +4 scale mail of the Stone Wall {+Inv rC++
                  | Will+ Int-5}
  7586 | D:10     | Entered Level 10 of the Dungeon
  7624 | D:10     | Reached skill level 11 in Axes
  7627 | D:10     | Reached XP level 11. HP: 60/83 MP: 11/11
  7818 | D:10     | Noticed Fannar
  7828 | D:10     | HP: 4/83 [Fannar/+0 quarterstaff of freezing (6)]
  7828 | D:10     | HP: 1/83 [Fannar/+0 quarterstaff of freezing (3)]
  7829 | D:10     | Killed Fannar
  8112 | D:10     | Found a burning altar of Makhleb.
  8332 | D:10     | Found a staircase to the Orcish Mines.
  8347 | Orc:1    | Entered Level 1 of the Orcish Mines
  8347 | Orc:1    | Noticed an orc sorcerer
  8347 | Orc:1    | Noticed an orc warlord
  8347 | Orc:1    | Noticed an orc sorcerer
  8349 | Orc:1    | Noticed a sun demon
  8350 | Orc:1    | Noticed a soul eater
  8355 | Orc:1    | Reached skill level 10 in Shields
  8356 | Orc:1    | Killed an orc warlord
  8357 | Orc:1    | Reached skill level 12 in Axes
  8358 | Orc:1    | Killed an orc sorcerer
  8369 | Orc:1    | Killed an orc sorcerer
  8373 | Orc:1    | Slain by a troll (8 damage)
  8584 | Orc:2    | Entered Level 2 of the Orcish Mines
  8584 | Orc:2    | Noticed an orc knight
  8584 | Orc:2    | Found Uvisym's Antique Weapon Shop.
  8591 | Orc:2    | Killed an orc knight
  8592 | Orc:2    | Reached skill level 5 in Shapeshifting
  8641 | Orc:2    | Bought a crystal great sword for 299 gold pieces
  8641 | Orc:2    | Identified the +1 great sword of the Extremes {heavy, Str+3
                  | Int+3} (You bought it in a shop on level 2 of the Orcish
                  | Mines)
  8651 | Orc:2    | Noticed Rupert
  8659 | Orc:2    | HP: 1/84 [Rupert/+5 battleaxe of flaming (16)]
  8660 | Orc:2    | Annihilated by Rupert
                  | ... wielding a +5 battleaxe of flaming
                  | (29 damage)
  8663 | Orc:2    | Slain by Rupert
                  | ... wielding a +5 battleaxe of flaming
                  | (20 damage)
  8666 | Orc:2    | Killed Rupert
  8667 | Orc:2    | Reached XP level 12. HP: 60/92 MP: 12/12
  8814 | Orc:2    | Noticed Nessos
  8819 | Orc:2    | HP: 3/92 [orc warrior/+4 glaive (12)]
  8820 | Orc:2    | HP: 1/92 [poisoned by Nessos]
  8820 | Orc:2    | Slain by an orc sorcerer
                  | ... wielding a +2 dagger of electrocution
                  | (1 damage)
  8828 | Orc:2    | Shot with an arrow by Nessos (16 damage)
  8830 | Orc:2    | HP: 2/92 [orc/+0 flail[an orc warlord] (10)]
  8831 | Orc:2    | Succumbed to Nessos's poison
  8835 | Orc:2    | Shot with an arrow by Nessos (10 damage)
  8838 | Orc:2    | HP: 1/92 [orc knight/+3 war axe (6)]
  8839 | Orc:2    | Succumbed to Nessos's poison
  8841 | Orc:2    | Noticed a soul eater
  8843 | Orc:2    | Noticed a sun demon
  8845 | Orc:2    | Succumbed to Nessos's poison
  8850 | Orc:2    | Slain by a soul eater (11 damage)
                  | ... summoned by an orc sorcerer
  8859 | Orc:2    | HP: 2/92 [barbs]
  8860 | Orc:2    | Succumbed to Nessos's poison
  8865 | Orc:2    | Killed from afar by an orc sorcerer (20 damage)
                  | ... with a bolt of fire
  8874 | Orc:2    | Succumbed to barbed spike wounds
  8878 | Orc:2    | Killed from afar by an orc sorcerer (32 damage)
                  | ... with a bolt of negative energy
  8881 | Orc:2    | Noticed a sun demon
  8882 | Orc:2    | Reached skill level 13 in Axes
  8884 | Orc:2    | Shot with an arrow by Nessos (24 damage)
  8889 | Orc:2    | Shot with an arrow by Nessos (16 damage)
  8895 | Orc:2    | HP: 4/92 [orc knight/+3 war axe (16)]
  8896 | Orc:2    | Succumbed to Nessos's poison
  9049 | Orc:2    | HP: 2/92 [poisoned by Nessos]
  9049 | Orc:2    | Shot with an arrow by Nessos (14 damage)
  9059 | Orc:2    | HP: 3/92 [poisoned by Nessos]
  9059 | Orc:2    | Shot with an arrow by Nessos (15 damage)
  9067 | Orc:2    | HP: 2/92 [poisoned by Nessos]
  9067 | Orc:2    | Shot with an arrow by Nessos (4 damage)
  9073 | Orc:2    | Shot with an arrow by Nessos (24 damage)
  9085 | Orc:2    | Shot with an arrow by Nessos (5 damage)
  9089 | Orc:2    | HP: 1/92 [Nessos/arrow (11)]
  9089 | Orc:2    | Shot with an arrow by Nessos (5 damage)
  9095 | Orc:2    | Shot with an arrow by Nessos

Illustrated notes

Levels and vault maps discovered:
D:1:      dpeg_arrival_arbitrary_c, layout_loops_cross,
          chequers_ecumenical_altar_simple
D:2:      layout_basic, basic_altar, serial_shops,
          nicolae_shop_temple_entry_statues_fountains, serial_park_tiny_1,
          minmay_misc_feat_secret_circle
D:3:      due_chaos_kobolds, layout_basic, gammafunk_temple_overflow_wave
D:4:      layout_loops_ring, grunt_temple_overflow_gold_and_silver,
          minmay_temple_entry_gardened_gates, minmay_manual_mess
D:5:      layout_basic, kennysheep_vampire_church, dreamdust_princess_corridor,
          nicolae_sextant, uniq_prince_ribbit1
D:6:      layout_cave_pools, chequers_temple_overflow_statue_of_worship,
          kennysheep_orc_sif_temple
D:7:      layout_gridville, lightli_corner_chamber
D:8:      layout_basic, gammafunk_ghost_grave
D:9:      layout_loops_ring, jmf_multi_god_temple
D:10:     layout_rooms, mainiacjoe_overflow_boulevard, david_orc_4,
          minmay_hedge_maze, uniq_fannar
Orc:1:    layout_caves
Orc:2:    grunt_orc_cross, layout_caves, serial_shops, shop, uniq_rupert,
          uniq_azrael, uniq_nessos

Skill      XL: |  1  2  3  4  5  6  7  8  9 10 11 12 |
---------------+-------------------------------------+-----
Axes           | 3 4 5 6 7 9 11 12 13 | 13.0
Armour         | 4 5 6 7 8 |  8.7
Fighting       | 4 5 6 7 8 |  8.1
Shields        | 5 6 7 8 9 10 11 | 11.1
Shapeshifting  | 1 2 4 5 |  5.5

Action                     |  1- 3 |  4- 6 |  7- 9 | 10-12 || total
---------------------------+-------+-------+-------+-------++-------
  Melee: War axe           |   112 |    69 |    76 |       ||   257
         Battleaxe         |       |       |   121 |   222 ||   343
    Use: Scroll            |       |     7 |     2 |       ||     9
   Stab: Distracted        |       |       |     1 |       ||     1
 Armour: Scale mail        |    79 |    49 |    15 |       ||   143
         Plate armour      |       |       |    96 |   270 ||   366
  Dodge: Dodged            |    51 |    17 |    59 |   106 ||   233
  Block: Buckler           |    12 |       |       |       ||    12
         Kite shield       |    26 |     7 |       |       ||    33
         Tower shield      |       |    34 |   160 |   241 ||   435

Table legend: (Time is in decaauts)
 A = Elapsed time spent in this place.
 B = Non-inter-level travel time spent in this place.
 C = Inter-level travel time spent in this place.
 D = Time resting spent in this place.
 E = Time spent auto-exploring this place.
 F = Levels seen in this place.
 G = Mean time per level.
                   A        B        C        D        E       F      G
               +--------+--------+--------+--------+--------+-----+--------+
         Total |   9352 |   8907 |    445 |      0 |   6909 |  12 |  779.3 |
       Dungeon |   8578 |   8141 |    437 |      0 |   6480 |  10 |  857.8 |
  Orcish Mines |    773 |    765 |      8 |      0 |    429 |   2 |  386.5 |
               +--------+--------+--------+--------+--------+-----+--------+

Top non-repeatable levels by time:
     D:5: 1262 daAuts
     D:7: 1041 daAuts
     D:2: 947 daAuts
     D:4: 897 daAuts
     D:1: 823 daAuts
     D:9: 790 daAuts
    D:10: 780 daAuts
     D:6: 779 daAuts
     D:8: 682 daAuts
     D:3: 571 daAuts
   Orc:2: 529 daAuts
   Orc:1: 244 daAuts
